 Dungeon Crawl Stone Soup version 0.31.0-32-g396128a36d (webtiles) character file.

Game seed: 771936553724958462

1558 Lerkel the Cleaver (level 8, -7/73 HPs)
             Began as a Hill Orc Berserker on Mar 24, 2024.
             Was a Believer of Trog.
             Killed from afar by an electric eel (13 damage)
             ... with a bolt of electricity
             ... on level 6 of the Dungeon.
             The game lasted 00:12:31 (8058 turns).

Lerkel the Cleaver (Hill Orc Berserker)             Turns: 8058, Time: 00:12:32

Health: -7/73      AC:  7    Str: 22    XL:     8   Next: 89%
Magic:  8/8        EV: 12    Int:  7    God:    Trog [**....]
Gold:   152        SH:  0    Dex: 10    Spells: 7/7 levels left

rFire   . . .        a - +0 hand axe
rCold   . . .        (no shield)
rNeg    . . .        m - +0 ring mail
rPois   .            (no helmet)
rElec   .            y - +0 cloak
rCorr   .            (no gloves)
SInv    .            (no boots)
Will    .....        (no amulet)
Stlth   +            (no ring)
HPRegen 0.32/turn    (no ring)
MPRegen 0.11/turn

%: no passive effects
@: no status effects
A: no striking features
a: Renounce Religion, Berserk, Trog's Hand


You were on level 6 of the Dungeon.
You worshipped Trog.
Trog was pleased with you.
You visited 1 branch of the dungeon, and saw 6 of its levels.

You collected 218 gold pieces.
You spent 66 gold pieces at shops.

Inventory:

Hand Weapons
 a - a +0 hand axe (weapon)
Missiles
 h - 14 poisoned darts (quivered)
 t - 3 throwing nets
Armour
 b - a +0 animal skin
 l - a +0 leather armour
 m - a +0 ring mail (worn)
 y - a +0 cloak (worn)
Wands
 n - a wand of charming (9)
Scrolls
 d - 3 scrolls of enchant armour
 f - a scroll of revelation
 g - a scroll of amnesia {unknown}
 j - a scroll of blinking
 r - 2 scrolls of enchant weapon
 s - a scroll of noise
 w - a scroll of butterflies
 x - 2 scrolls of immolation
Potions
 c - a potion of magic
 e - 3 potions of degeneration
 i - a potion of curing
 k - 2 potions of brilliance {unknown}
 o - a potion of berserk rage {unknown}
 p - a potion of heal wounds {unknown}
 q - 2 potions of enlightenment {unknown}
 u - a potion of cancellation {unknown}
 v - a potion of attraction {unknown}
 z - a potion of haste {unknown}


   Skills:
 + Level 7.2 Fighting
 + Level 8.8 Axes
 - Level 0.1 Throwing
 + Level 5.5 Armour
 + Level 4.7 Dodging
 - Level 1.0 Stealth


You had 7 spell levels left.
You didn't know any spells.
Your spell library was empty.

Dungeon Overview and Level Annotations

Branches:
Dungeon (6/15)             Temple (0/1) D:5

Altars:
Ashenzari
Cheibriados
Dithmenos
Kikubaaqudgha
Nemelex Xobeh
Ru
Sif Muna
Trog

Shops:
D:5 ?

Annotations:
D:5 3 runed translucent doors, Frank's ghost, novice OpFi
D:6 Dowan; Duvessa


Message History

Found a sling.
There is a stone staircase leading up here.
Unknown command.
You see here a +0 sling.
An electric eel comes into view.
The electric eel shoots out a bolt of lightning at you!
The bolt of electricity hits you.
You see here a +0 sling.
There is a stone staircase leading up here.
There is a stone staircase leading up here.
You climb upwards.
Level annotation: 3 runed translucent doors, Frank's ghost, novice OpFi
There is a stone staircase leading down here.
There is an open gate here.
There is a stone staircase leading down here.
You climb downwards.
The electric eel shoots out a bolt of lightning at you!
The bolt of electricity hits you. The bolt of electricity hits you!
The electric eel shoots out a bolt of lightning at you!
The bolt of electricity hits the plant!
The plant begins to die.
The bolt of electricity hits you.
The electric eel shoots out a bolt of lightning at you!
The bolt of electricity hits you. x2
There is a stone staircase leading up here.
The electric eel shoots out a bolt of lightning at you!
The bolt of electricity hits you!
The electric eel shoots out a bolt of lightning at you!
The bolt of electricity hits the plant!
The bolt of electricity hits you!
* * * LOW HITPOINT WARNING * * *
The bolt of electricity hits you!
* * * LOW HITPOINT WARNING * * *
Dowan, Brother of Duvessa comes into view.
He is wielding a +3 dagger of venom.
Found an escape hatch in the floor.
Dowan shouts!
Duvessa, Sister of Dowan comes into view.
She is wielding a +1 vampiric short sword.
A centaur comes into view.
A nearby plant withers and dies.
The electric eel shoots out a bolt of lightning at you!
The bolt of electricity hits you!
You die...

#♣♣~~~♣~~≈≈≈≈ ≈
....♣~♣~~~~~≈≈≈
≈ ...
~P~~~P~~~≈≈ ~
.... ~PP~~P~~~≈
≈
....#♣~~~~~~~≈~
~ #
#..#~~♣SS~~P~
#.. #..<~~♣
....##.#.#♣♣
.......@.###..♣
##..............
#..............
..........[###..
.#.........#
#...##......
..... #..#....
...#. #e.#.....
..# .>.e....c


You could see Dowan and 2 electric eels.

Vanquished Creatures
  Pikel (D:5)
  Sigmund (D:2)
  2 black bears
  2 ogres (D:5)
  A lemure (D:5)
  A phantom (D:5)
  A scorpion (D:4)
  2 hounds
  2 orc priests
  A bombardier beetle (D:5)
  A jelly (D:5)
  Crazy Yiuf (D:4)
  2 iguanas (D:5)
  An orc wizard (D:5)
  Terence (D:3)
  3 gnolls (D:5)
  6 adders
  A dart slug (D:3)
  11 orcs
  8 ball pythons
  4 bats
  3 endoplasms
  4 giant cockroaches
  12 goblins
  5 hobgoblins
  7 jackals
  13 kobolds
  2 quokkas
  3 frilled lizards
  5 rats
107 creatures vanquished.

Notes
Turn   | Place    | Note
-------+----------+-------------------------------------------
     0 | D:1      | Lerkel the Hill Orc Berserker began the quest for the Orb.
     0 | D:1      | Reached XP level 1. HP: 19/19 MP: 1/1
   177 | D:1      | Reached XP level 2. HP: 17/27 MP: 2/2
   576 | D:1      | Reached XP level 3. HP: 25/33 MP: 3/3
   850 | D:1      | Reached skill level 5 in Axes
   918 | D:1      | Reached ** piety under Trog
  1344 | D:2      | Found a faded altar of an unknown god.
  1582 | D:2      | Noticed Sigmund
  1599 | D:2      | Killed Sigmund
  1600 | D:2      | Reached skill level 6 in Axes
  1600 | D:2      | Reached skill level 1 in Stealth
  1600 | D:2      | Reached XP level 4. HP: 41/41 MP: 4/4
  1600 | D:2      | Reached XP level 5. HP: 47/47 MP: 5/5
  2130 | D:3      | Reached XP level 6. HP: 45/53 MP: 6/6
  2164 | D:3      | Noticed Terence
  2177 | D:3      | Killed Terence
  2787 | D:3      | Found a bloodstained altar of Trog.
  3519 | D:4      | Reached skill level 5 in Fighting
  3604 | D:4      | Reached skill level 7 in Axes
  3604 | D:4      | Reached XP level 7. HP: 28/61 MP: 7/7
  4224 | D:4      | Found a runed translucent door.
  4225 | D:4      | Noticed Crazy Yiuf
  4231 | D:4      | Killed Crazy Yiuf
  4615 | D:5      | Entered Level 5 of the Dungeon
  4939 | D:5      | Found Quexej's Magic Scroll Boutique.
  4946 | D:5      | Bought a scroll of identify for 22 gold pieces
  4946 | D:5      | Bought a scroll of identify for 22 gold pieces
  4946 | D:5      | Bought a scroll of identify for 22 gold pieces
  5029 | D:5      | Found a staircase to the Ecumenical Temple.
  5042 | D:5      | Reached XP level 8. HP: 70/70 MP: 8/8
  5477 | D:5      | Found a shimmering blue altar of Sif Muna.
  5479 | D:5      | Noticed Pikel
  5483 | D:5      | Found a broken altar of Ashenzari.
  5483 | D:5      | Found a sacrificial altar of Ru.
  5483 | D:5      | Found a shadowy altar of Dithmenos.
  5518 | D:5      | Killed Pikel
  5519 | D:5      | Reached skill level 8 in Axes
  5519 | D:5      | Reached skill level 5 in Armour
  6297 | D:5      | Found a sparkling altar of Nemelex Xobeh.
  6297 | D:5      | Found a snail-covered altar of Cheibriados.
  6298 | D:5      | Found an ancient bone altar of Kikubaaqudgha.
  6677 | D:5      | Found a runed translucent gate.
  6677 | D:5      | Found a runed translucent gate.
  6677 | D:5      | Found a runed translucent gate.
  6678 | D:5      | Noticed Frank's ghost (novice OpFi)
  8057 | D:6      | Noticed Dowan
  8057 | D:6      | Noticed Duvessa
  8058 | D:6      | Killed from afar by an electric eel

Illustrated notes

Levels and vault maps discovered:
D:1:      minmay_arrival_arboretum_small, layout_basic
D:2:      layout_rooms, shapermc_ecumenical_altar_starsandcircs,
          kennysheep_another_room, dreamdust_mushroom_princess,
          kennysheep_boxes, uniq_sigmund
D:3:      layout_loops_corners, trog_hazing_becter, uniq_terence
D:4:      layout_basic, uniq_crazy_yiuf_cottage
D:5:      layout_loops_ring, grunt_temple_overflow_open,
          minmay_temple_entry_butterflies, serial_shops, nicolae_stop_n_shop_1,
          gammafunk_ghost_necromancy, kennysheep_windowed_goal, uniq_pikel
D:6:      layout_layer_cave, serial_bayou, serial_bayou_lake_a,
          serial_bayou_ford_a, serial_bayou_crossing, serial_bayou_lagoon_a,
          serial_bayou_pond_e, minmay_misc_feat_enclosed, uniq_duvessa

Skill      XL: |  1  2  3  4  5  6  7  8 |
---------------+-------------------------+-----
Axes           | 6 7 8 |  8.8
Fighting       | 4 5 6 7 |  7.2
Dodging        | 2 3 4 |  4.7
Stealth        | 1 |  1.0
Armour         | 3 4 5 |  5.5
Throwing       | |  0.1

Action                     |  1- 3 |  4- 6 |  7- 9 || total
---------------------------+-------+-------+-------++-------
  Melee: Hand axe          |   117 |   162 |   149 ||   428
         Punch             |     1 |     1 |     3 ||     5
  Throw: Dart              |     1 |       |     4 ||     5
 Invoke: Berserk           |     2 |       |     5 ||     7
         Trog's Hand       |     1 |     1 |     1 ||     3
    Use: Scroll            |       |       |    10 ||    10
 Armour: Animal skin       |    80 |     8 |       ||    88
         Leather armour    |       |    10 |       ||    10
         Ring mail         |       |    78 |   109 ||   187
  Dodge: Dodged            |    69 |   104 |    62 ||   235
